 Dungeon Crawl Stone Soup version 0.30-a0-1157-g2cc9ac7196 (webtiles) character file.

Game seed: 6089385877567958928

749 Dittersdorf the Shield-Bearer (level 7, 0/44 HPs)
             Began as a Gargoyle Fighter on Apr 24, 2023.
             Slain by an ice beast (12 damage)
             ... on level 5 of the Dungeon.
             The game lasted 00:06:29 (4027 turns).

Dittersdorf the Shield-Bearer (Gargoyle Fighter)    Turns: 4027, Time: 00:06:30

Health: 0/44       AC: 25    Str: 22    XL:     7   Next: 78%
Magic:  7/7        EV:  6    Int:  8    God:
Gold:   276        SH:  5    Dex: 15    Spells: 6/6 levels left

rFire   . . .        w - +0 morningstar (protect)
rCold   . . .        c - +0 buckler
rNeg    + . .        n - +0 plate armour
rPois   ∞            z - +0 helmet
rElec   +            (no cloak)
rCorr   .            (no gloves)
SInv    .            (no boots)
Will    .....        (no amulet) Stlth
                     l - +6 ring of dexterity
HPRegen 0.27/turn    (no ring)
MPRegen 0.10/turn

%: no passive effects
@: under a protective aura
A: sickness immunity, AC +4, negative energy resistance 1, electricity
resistance, torment resistance 1, petrification resistance
a: no special abilities


You were on level 5 of the Dungeon.
You visited 1 branch of the dungeon, and saw 5 of its levels.
You also visited: Sewer.

You collected 276 gold pieces.

Inventory:

Hand Weapons
 w - a +0 morningstar of protection (weapon)
Missiles
 m - 9 poisoned darts (quivered)
Armour
 c - a +0 buckler (worn)
 n - a +0 plate armour (worn)
 z - a +0 helmet (worn)
 A - a +0 chain mail
 C - a +0 crystal plate armour
Jewellery
 l - a +6 ring of dexterity (left hand)
Wands
 s - a wand of paralysis (13)
 v - a wand of roots (8)
Scrolls
 a - 2 scrolls of enchant weapon {unknown}
 b - a scroll of blinking {unknown}
 f - 7 scrolls of identify {unknown}
 g - 2 scrolls of immolation {unknown}
 h - 2 scrolls of fear {unknown}
 i - a scroll of poison {unknown}
 q - a scroll of magic mapping
 x - a scroll of vulnerability {unknown}
 y - a scroll of fog {unknown}
 B - a scroll of brand weapon
Potions
 d - a potion of might
 e - 2 potions of mutation
 j - 3 potions of degeneration {unknown}
 k - a potion of attraction {unknown}
 o - 4 potions of flight
 p - 2 potions of magic {unknown}
 r - 2 potions of curing {unknown}
 t - 2 potions of brilliance {unknown}
 u - a potion of resistance {unknown}
 D - a potion of ambrosia {unknown}


   Skills:
 + Level 5.5 Fighting
 + Level 4.5 Maces & Flails
 + Level 5.6 Armour
 + Level 5.6 Shields


You had 6 spell levels left.
You didn't know any spells.
Your spell library contained the following spells:

 Spells                   Type           Power      Damage    Failure   Level
 Apportation              Tloc           0%         N/A       100%        1
 Necrotise                Necr           0%         1d4       100%        1
 Summon Small Mammal      Summ           0%         N/A       100%        1
 Dispel Undead            Necr           0%         3d6       100%        4
 Death Channel            Necr           0%         N/A       100%        6
 Cigotuvi's Dreadful Rot  Necr/Pois/Air  Unusable   N/A       N/A         2

Dungeon Overview and Level Annotations

Branches:
Dungeon (5/15)              Sewer (visited)
 Temple: D:4-7

Altars:
Gozag
Kikubaaqudgha
Uskayaw
Wu Jian
Yredelemnul

Shops:
D:4 =

Annotations:
D:3 6 runed translucent doors, oldplebian's ghost, amateur HOCA; oldplebian's ghost, weakling HuCA


Innate Abilities, Weirdness & Mutations

You are immune to sickness and miasma.
Your stone body is resilient. (AC +4)
You are immune to poison.
You resist negative energy. (rN+)
You are resistant to electric shocks. (rElec)
You are resistant to unholy torment.
You are immune to petrification.


Message History

Your weapon exudes an aura of protection.
You kill the water moccasin!
The jackal bites you but does no damage.
You barely miss the jackal.
The jackal bites you but does no damage.
The jackal barely misses you.
You puncture the jackal!
You kill the jackal!
You thump the jackal!
You kill the jackal!
You hit the ice beast but do no damage.
The ice beast hits you but does no damage.
The ice beast hits you. The ice beast freezes you!
You are too injured to fight recklessly!
You are too injured to fight recklessly!
You are too injured to fight recklessly!
You are too injured to fight recklessly!
You are too injured to fight recklessly!
You are too injured to fight recklessly!
You are too injured to fight recklessly!
You are too injured to fight recklessly!
You are too injured to fight recklessly!
You are too injured to fight recklessly!
You are too injured to fight recklessly!
You are too injured to fight recklessly!
You are too injured to fight recklessly!
You are too injured to fight recklessly!
You are too injured to fight recklessly!
You are too injured to fight recklessly!
You are too injured to fight recklessly!
You are too injured to fight recklessly!
You are too injured to fight recklessly!
You are too injured to fight recklessly!
You are too injured to fight recklessly!
You hit the ice beast.
The ice beast is lightly wounded.
The ice beast hits you.
* * * LOW HITPOINT WARNING * * *
The ice beast freezes you!
You die...

,* #.# #..# *#.#,* * .# #.# #..#
*[.#,* * .# #.# #..#####.#*,* *
.# #.# #..##....##.# * .# #.#
#...........#** .# #######.#
#Y##..##.....#* .# #....##'##
#.##>..+.....#* .#
#....#...####S...###.....#*
.######....#....@YhsW.......#+##*
......'....<....##########.##,***
#######.....)........# *.#*,,,,
#...^.#.###....#####.# *,******
#.###.#.###........*,* *,******
#...............##.#,* *,,,,,,,
#####.#.####....#*,*,* ********
......#.# ##.#.#*,*,* *** *,,
.####.#.# #.#.#*,*,* *,****,,


You could see a water moccasin, an ice beast, a phantom, a scorpion and a
jackal.

Vanquished Creatures
  A water moccasin (D:5)
  An ice beast (D:5)
  A sky beast (D:4)
  A scorpion (D:5)
  3 orc priests
  An orc wizard (D:4)
  Robin (D:2)
  10 adders
  4 river rats (Sewer)
  2 adder zombies (D:3)
  3 worms
  2 dart slugs
  3 orcs
  17 ball pythons
  7 endoplasms
  5 giant cockroaches
  8 goblins
  9 hobgoblins
  9 jackals
  6 quokkas
  13 bats
  6 frilled lizards
  6 kobolds
  5 rats
124 creatures vanquished.

Notes
Turn   | Place    | Note
-------+----------+-------------------------------------------
     0 | D:1      | Dittersdorf the Gargoyle Fighter began the quest for the
                  | Orb.
     0 | D:1      | Reached XP level 1. HP: 14/14 MP: 1/1
    41 | D:1      | Found a faded altar of an unknown god.
   167 | D:1      | Reached XP level 2. HP: 18/19 MP: 2/2
   498 | D:2      | Reached XP level 3. HP: 22/23 MP: 3/3
   501 | D:2      | Noticed Robin
   515 | D:2      | Killed Robin
  1027 | D:2      | Reached XP level 4. HP: 29/29 MP: 4/4
  1098 | D:2      | You fall into a shaft and drop 1 floor!
  1099 | D:3      | yay!
  1286 | D:3      | Found a runed translucent gate.
  1286 | D:3      | Found a runed translucent gate.
  1286 | D:3      | Found a runed translucent gate.
  1286 | D:3      | Noticed oldplebian's ghost (amateur HOCA)
  1288 | D:3      | Found a basalt altar of Yredelemnul.
  1332 | D:3      | Found a runed translucent gate.
  1366 | D:3      | Found a runed translucent gate.
  1367 | D:3      | Found a runed translucent gate.
  1369 | D:3      | Noticed oldplebian's ghost (weakling HuCA)
  1426 | D:3      | Found an opulent altar of Gozag.
  1441 | D:3      | Found an ancient bone altar of Kikubaaqudgha.
  2011 | D:4      | Found a hide-covered altar of Uskayaw.
  2052 | D:5      | Entered Level 5 of the Dungeon
  2054 | D:5      | Reached XP level 5. HP: 17/33 MP: 5/5
  2054 | D:5      | Noticed an ice beast
  2064 | D:5      | Killed an ice beast
  2065 | D:5      | Reached XP level 6. HP: 7/39 MP: 6/6
  2104 | D:5      | Found a glowing drain.
  2136 | Sewer    | Entered a sewer
  3112 | D:4      | Reached skill level 5 in Armour
  3112 | D:4      | Reached skill level 5 in Shields
  3124 | D:4      | Reached skill level 5 in Fighting
  3124 | D:4      | Reached XP level 7. HP: 18/44 MP: 7/7
  3489 | D:4      | Found Orchauro's Jewellery Boutique.
  3633 | D:4      | Found an ornate altar of the Wu Jian Council.
  4027 | D:5      | Slain by an ice beast

Illustrated notes

.. .. ..
.## ..##
../#
##.8.#
#@...#
#.....##
####.##
.. ...
..## ..#
..#


Turn 1099 on D:3: yay!

Levels and vault maps discovered:
D:1:      grunt_arrival_lava_bath, layout_rooms,
          chequers_ecumenical_altar_simple_redux
D:2:      layout_loops_ring, uniq_robin
D:3:      layout_basic, lemuel_round_altar, nicolae_yredelemnul_ghost_church,
          mainiacjoe_overflow_concentric_impassable, ebering_ghost_rock_garden,
          mrwooster_statue_mirror
D:4:      nicolae_cairo_tiling_large, layout_basic, lemuel_doored_altar,
          nzn_wu_jian_council_hall, serial_shops, shop,
          chequers_serial_rivers_micro_a, minmay_curled_crystal,
          minmay_strange_pillars, grunt_ministairs_10, minmay_distorted
D:5:      layout_basic, okawaru_metal_pillars_1_2, portal_sewer_entry_d

Skill      XL: |  1  2  3  4  5  6 |
---------------+-------------------+-----
Armour         | 4 5 |  5.6
Shields        | 4 5 |  5.6
Fighting       | 4 5 |  5.5
Maces & Flails | 3 4 |  4.5

Action                     |  1- 3 |  4- 6 |  7- 9 || total
---------------------------+-------+-------+-------++-------
  Melee: Flail             |    77 |   110 |       ||   187
         Morningstar       |       |   205 |    65 ||   270
  Throw: Dart              |       |     3 |       ||     3
    Use: Scroll            |       |     3 |       ||     3
 Armour: Scale mail        |    48 |   233 |       ||   281
         Plate armour      |       |       |    73 ||    73
  Dodge: Dodged            |    34 |   190 |    28 ||   252
  Block: Buckler           |    12 |   101 |    26 ||   139

Table legend: (Time is in decaauts)
 A = Elapsed time spent in this place.
 B = Non-inter-level travel time spent in this place.
 C = Inter-level travel time spent in this place.
 D = Time resting spent in this place.
 E = Time spent auto-exploring this place.
 F = Levels seen in this place.
 G = Mean time per level.
                   A        B        C        D        E       F      G
               +--------+--------+--------+--------+--------+-----+--------+
         Total |   4314 |   4155 |    159 |     45 |   2924 |   6 |  719.0 |
       Dungeon |   3414 |   3255 |    159 |      5 |   2465 |   5 |  682.8 |
         Sewer |    900 |    900 |      0 |     40 |    458 |   1 |  900.0 |
               +--------+--------+--------+--------+--------+-----+--------+

Top non-repeatable levels by time:
     D:4: 1067 daAuts
     D:3: 932 daAuts
   Sewer: 900 daAuts
     D:2: 698 daAuts
     D:1: 434 daAuts
     D:5: 281 daAuts
